 Dungeon Crawl Stone Soup version 0.25.1-8-g42b30a86e7 (webtiles) character file.

Game seed: 12560620535750657336

493 melloss the Covert (level 6, -7/28 HPs)
             Began as a Spriggan Enchanter on Dec 21, 2020.
             Was an Initiate of Kikubaaqudgha.
             Killed from afar by an orc wizard (10 damage)
             ... with a magic dart
             ... on level 5 of the Dungeon.
             The game lasted 00:19:37 (5712 turns).

melloss the Covert (Spriggan Enchanter)             Turns: 5712, Time: 00:19:38

Health: -7/28      AC:  2    Str:  4    XL:     6   Next: 92%
Magic:  13/13      EV: 18    Int: 16    God:    Kikubaaqudgha [......]
Gold:   200        SH:  0    Dex: 19    Spells: 10/13 levels left

rFire    + . .     SeeInvis +   w - +6 flail of Ravu {speed, rPois rF+ rC+ Stlth-}
rCold    + . .     Gourm    .   (shield restricted)
rNeg     . . .     Faith    .   b - +0 robe
rPois    +         Spirit   .   (helmet restricted)
rElec    .         Reflect  .   (no cloak)
rCorr    .         Harm     .   (gloves unavailable)
MR       +....                  (boots unavailable)
Stlth    +++.......             (no amulet)
HPRegen  0.09/turn              (no ring)
MPRegen  0.13/turn              (no ring)

@: very quick
A: very small, unfitting armour, see invisible, herbivore, speed 3, slow
metabolism 2
a: Renounce Religion


You were on level 5 of the Dungeon.
You worshipped Kikubaaqudgha.
Kikubaaqudgha was noncommittal.
You were not hungry.

You visited 2 branches of the dungeon, and saw 6 of its levels.

You collected 200 gold pieces.

Inventory:

Hand Weapons
 a - a +1 dagger of venom
 g - a +1 dagger
 w - the +6 flail of Ravu (weapon) {speed, rPois rF+ rC+ Stlth-}
   (You found it on level 5 of the Dungeon)

   Attacks with this weapon are significantly faster.
   It protects you from fire.
   It protects you from cold.
   It protects you from poison.
   It makes you less stealthy.
Missiles
 r - 96 stones (quivered)
 y - 24 sling bullets
Armour
 b - a +0 robe (worn)
Scrolls
 c - 4 scrolls of identify {unknown}
 e - a scroll of random uselessness {unknown}
 f - 2 scrolls of teleportation {unknown}
 h - a scroll of magic mapping {unknown}
 m - 2 scrolls of enchant armour {unknown}
 n - 3 scrolls of amnesia {unknown}
 o - a scroll of fog {unknown}
 q - 3 scrolls of blinking {unknown}
 v - a scroll of noise {unknown}
Potions
 i - 2 potions of haste {unknown}
 j - 2 potions of invisibility {unknown}
 k - a potion of berserk rage {unknown}
 l - 2 potions of curing {unknown}
 p - a potion of resistance {unknown}
 s - a potion of lignification {unknown}
 t - 2 potions of magic {unknown}
 u - a potion of stabbing {unknown}
 x - a potion of cancellation {unknown}
Comestibles
 d - 9 rations


   Skills:
 - Level 5.0 Short Blades
 - Level 3.0 Dodging
 - Level 8.0 Stealth
 - Level 4.0 Spellcasting
 + Level 5.0 Hexes


You had 10 spell levels left.
You knew the following spells:

 Your Spells              Type           Power        Failure   Level  Hunger
a - Corona                Hex            ###....      2%          1    None
b - Ensorcelled Hibernat  Hex/Ice        ##....       9%          2    ##.....

Your spell library contained the following spells:

 Spells                   Type           Power        Failure   Level  Hunger
 Confusing Touch          Hex            ###.....     6%          3    ###....
 Tukima's Dance           Hex            ###.....     6%          3    ###....
 Dazzling Flash           Conj/Hex       ##....       19%         3    ###....


Dungeon Overview and Level Annotations

Branches:
Dungeon (5/15)             Temple (1/1) D:4

Altars:
Ashenzari
Dithmenos
Fedhas
Gozag
Kikubaaqudgha
Makhleb
Nemelex Xobeh
Okawaru
Qazlal
Ru
Sif Muna
Vehumet
Wu Jian
Xom
Yredelemnul
Zin
The Shining One


Innate Abilities, Weirdness & Mutations

You are very small and have problems with some larger weapons.
You are too small for most types of armour.
You have supernaturally acute eyesight. (SInv)
You are a herbivore.
You cover ground extremely quickly.
You need to consume almost no food.


Message History

The orc wizard gestures at you while chanting.
The magic dart hits you! The orc completely misses you.
The orc hits you but does no damage.
You hit the orc.
The orc is heavily wounded.
The orc wizard hits you with a +0 dagger.
The orc hits you with a +0 dagger.
* * * LOW HITPOINT WARNING * * *
The orc hits you with a +0 hand axe.
* * * LOW HITPOINT WARNING * * *
The orc hits you with a +0 dagger.
* * * LOW HITPOINT WARNING * * *
The orc wizard casts a spell.
The orc wizard seems to speed up.
The orc throws a boomerang.
The boomerang completely misses you.
The weapon returns to the orc!
The orc wizard gestures at you while chanting.
The magic dart hits you!
You die...
Kikubaaqudgha rasps: "You have failed me!
Welcome... death!"

#.... #....###...######.#.
...####.#..#...#...##>....#.
#....#...........###.......
#..)#####.....##.##########
#..l.....................
###..o......####.########
#.o.###.....##'###
#...o............#
#....###@........#
####....#...........#######
.........#.###..##.#.......#
...........#....##.#.#####.#
##########......#.##.#.# #.#
#...........###.#..#.#.# #.#
#..................#.#.#
#.##
#.....(....####.##.#.#.#
#... #..........#....#
...#.# ####


You could see an orc wizard (fast) and an orc.

Vanquished Creatures
  A sky beast (D:5)
  3 hounds (D:4)
  4 orc wizards (D:4)
  A worker ant (D:4)
  5 gnolls
  3 adders
  An ooze (D:4)
  2 worms
  A dart slug (D:2)
  3 leopard geckos
  10 orcs
  7 bats
  8 giant cockroaches
  6 goblins
  6 hobgoblins
  6 jackals
  3 quokkas
  3 ball pythons
  5 frilled lizards
  8 kobolds
  8 rats
94 creatures vanquished.

Notes
Turn   | Place    | Note
-------+----------+-------------------------------------------
     0 | D:1      | melloss the Spriggan Enchanter began the quest for the Orb.
     0 | D:1      | Reached XP level 1. HP: 9/9 MP: 5/5
    12 | D:1      | You fall into a shaft and drop 1 floor!
   305 | D:1      | Reached XP level 2. HP: 13/13 MP: 6/6
   320 | D:1      | Reached skill level 5 in Stealth
   704 | D:1      | Reached XP level 3. HP: 9/16 MP: 8/8
   714 | D:1      | Learned a level 2 spell: Ensorcelled Hibernation
  1340 | D:2      | Reached skill level 6 in Stealth
  1903 | D:2      | Reached XP level 4. HP: 21/21 MP: 9/9
  2761 | D:3      | Found an opulent altar of Gozag.
  3095 | D:4      | Reached skill level 7 in Stealth
  3105 | D:4      | Reached XP level 5. HP: 8/24 MP: 10/10
  3412 | D:4      | Noticed a phantom
  3822 | D:4      | Found a staircase to the Ecumenical Temple.
  3837 | Temple   | Entered the Ecumenical Temple
  3911 | Temple   | Became a worshipper of Kikubaaqudgha
  4005 | D:4      | Reached skill level 8 in Stealth
  4143 | D:4      | Reached XP level 6. HP: 24/28 MP: 11/11
  4156 | D:4      | Reached skill level 5 in Short Blades
  5306 | D:5      | Entered Level 5 of the Dungeon
  5516 | D:5      | Noticed a sky beast
  5520 | D:5      | Killed a sky beast
  5554 | D:5      | Got an iridescent flail
  5555 | D:5      | Identified the +6 flail of Ravu {speed, rPois rF+ rC+
                  | Stlth-} (You found it on level 5 of the Dungeon)
  5699 | D:5      | Reached skill level 5 in Hexes
  5712 | D:5      | Killed from afar by an orc wizard

Illustrated notes

Levels and vault maps discovered:
D:1:      minmay_arrival_five_plusses, layout_rooms
D:2:      layout_basic, kennysheep_generic_room_11
D:3:      layout_basic, overflow_temple_1_default
D:4:      layout_loops_ring, minmay_temple_entry_tees, first_ration,
          kennysheep_generic_room_12
D:5:      layout_basic, minmay_increasing_density
Temple:   kb_temple_of_zot

Skill      XL: |  1  2  3  4  5  6 |
---------------+-------------------+-----
Stealth        | 5 6 7 8 |  8.0
Short Blades   | 2 3 4 5 |  5.0
Spellcasting   | 4 |  4.0
Hexes          | 5 |  5.0
Dodging        | |  3.0

Action                   |  1- 3 |  4- 6 || total
-------------------------+-------+-------++-------
Melee: Dagger            |   145 |   152 ||   297
       Flail             |       |     8 ||     8
Throw: Stone             |       |     9 ||     9
 Cast: Corona            |     1 |       ||     1
       Ensorcelled Hiber |       |    16 ||    16
 Stab: Sleeping          |    14 |    26 ||    40
       Distracted        |     2 |     1 ||     3
  Eat: Ration            |       |     2 ||     2
Armor: Robe              |    17 |     9 ||    26
Dodge: Dodged            |   129 |    96 ||   225
